Map: Para Site LE

Players

Ikebana

  • Race: Terran Terran
  • Spawn Location: 11:00

Lambo - Winner!

  • Race: Zerg Zerg
  • League: Grandmaster
  • Spawn Location: 5:00

VOD

Have the link to the VOD?

Description

Time

  • Played on: Dec. 26, 2018, 2:22 p.m.
  • Length: 9:07
Show
View Real Time Build Order
Export as new Build Order

Ikebana Terran 

Build Orders: Reaper Expand, Hellion Banshee 

Get SALT Encoding   

  12  0:00  SCV  
  13  0:12  SCV  
  14  0:17  Supply Depot  
  14  0:24  SCV  
  15  0:39  SCV  
  15  0:41  Barracks  
  16  0:44  Refinery  
  16  0:51  SCV  
  17  1:03  SCV  
  18  1:15  SCV  
  19  1:28  Reaper, Orbital Command  
  20  1:39  Command Center  
  20  1:47  Supply Depot  
  20  1:53  SCV  
  21  1:59  Marine  
  22  2:04  Factory  
  22  2:08  SCV  
  23  2:14  Refinery  
  23  2:20  SCV  
  23  2:22  Barracks Reactor  
  24  2:32  SCV  
  25  2:44  SCV  
  26  2:51  Orbital Command  
  26  2:53  Starport  
  26  2:56  SCV  
  27  3:01  Hellion  
  27  3:02  Hellion  
  27  3:03  Barracks Tech Lab  
  31  3:08  SCV  
  31  3:09  Supply Depot  
  32  3:17  SCV  
  33  3:20  SCV  
  33  3:23  Hellion  
  33  3:26  Hellion  
  38  3:30  SCV  
  38  3:33  SCV  
  40  3:40  Cloaking Field, Viking  
  42  3:44  SCV  
  42  3:45  SCV, Hellion  
  46  3:50  Hellion  
  48  3:55  Supply Depot  
  48  3:56  SCV  
  48  3:57  SCV  
  50  4:09  Hellion  
  52  4:10  SCV x2  
  52  4:14  Hellion  
  52  4:17  Banshee  
  53  4:19  Supply Depot  
  53  4:23  Armory, SCV  
  57  4:26  Barracks Tech Lab  
  57  4:27  SCV  
  58  4:39  Hellion x2  
  58  4:45  SCV x2  
  64  4:50  Command Center  
  64  4:52  Refinery  
  64  4:53  Refinery  
  64  4:59  Banshee  
  64  5:00  SCV  
  64  5:01  SCV  
  69  5:07  Barracks Tech Lab  
  69  5:14  Supply Depot  
  69  5:15  SCV x2  
  69  5:16  Hellion x2  
  75  5:23  Terran Vehicle And Ship Armor Level 1  
  75  5:28  Supply Depot  
  75  5:37  Factory, SCV, Hellion x3  
  75  5:38  Factory  
  75  5:40  SCV  
  70  5:53  SCV x2  
  70  5:56  Banshee  
  71  5:59  Hellion x2  
  71  6:04  Hyperflight Rotors  
  75  6:06  SCV x2  
  77  6:19  SCV x2  
  77  6:22  Cyclone  
  77  6:23  Refinery  
  82  6:28  Refinery, Cyclone  
  85  6:33  Mag-Field Accelerator  
  85  6:34  Infernal Pre-Igniter  
  85  6:36  SCV  
  85  6:37  SCV  
  85  6:38  Orbital Command  
  87  6:42  Banshee  
  87  6:44  Hellion  
  92  6:49  SCV  
  93  7:01  Hellion, Cyclone  
  93  7:02  Cyclone  
  93  7:03  SCV x2  
  93  7:04  SCV  
  93  7:05  Hellion  
  104  7:10  Supply Depot  
  104  7:13  Supply Depot  
  104  7:15  SCV x2, Supply Depot  
  105  7:16  SCV  
  103  7:27  Factory, Hellion  
  103  7:29  Factory, SCV x2  
  106  7:30  SCV  
  106  7:33  Cyclone  
  106  7:34  Cyclone  
  112  7:37  Engineering Bay  
  112  7:39  Banshee  
  112  7:41  SCV x2  
  114  7:53  Hellion x2  
  114  7:54  SCV  
  114  7:55  SCV x2  
  100  8:06  SCV, Cyclone x2  
  100  8:07  SCV  
  100  8:11  SCV  
  103  8:15  Hellion x2  
  103  8:18  Factory Reactor  
  103  8:19  Factory Tech Lab, SCV x2  
  105  8:23  SCV  
  101  8:31  SCV  
  105  8:36  SCV x2, Hellion  
  103  8:43  SCV  
  103  8:46  Hellion x2  
  103  8:48  SCV  
  94  8:55  SCV x2  
Show
View Real Time Build Order
Export as new Build Order

Lambo Zerg - Winner!

Build Orders: Hatch First 

Get SALT Encoding   

  12  0:01  Drone  
  13  0:12  Overlord  
  13  0:16  Drone  
  14  0:30  Drone x2  
  16  0:47  Hatchery  
  15  0:51  Drone  
  15  0:55  Drone  
  17  0:58  Drone  
  18  1:09  Extractor  
  17  1:12  Spawning Pool  
  17  1:16  Drone  
  17  1:18  Drone  
  18  1:27  Drone  
  19  1:39  Drone  
  20  1:51  Overlord  
  20  1:59  Queen x2  
  24  2:02  Zergling x4  
  26  2:15  Drone x2  
  28  2:22  Drone x2  
  30  2:29  Metabolic Boost  
  30  2:35  Hatchery  
  29  2:40  Drone  
  30  2:47  Drone  
  30  2:50  Pneumatized Carapace  
  31  2:54  Overlord, Drone  
  33  2:58  Drone  
  33  3:00  Drone  
  33  3:04  Drone x2  
  37  3:12  Drone  
  37  3:13  Drone x2  
  37  3:16  Queen  
  41  3:21  Overlord  
  41  3:24  Drone  
  42  3:32  Queen  
  44  3:42  Drone  
  44  3:43  Drone  
  44  3:45  Zergling x8  
  50  3:55  Queen, Drone  
  53  3:56  Queen  
  53  4:01  Drone x2  
  57  4:10  Drone  
  57  4:15  Overlord  
  58  4:18  Overlord  
  58  4:24  Lair, Baneling Nest  
  58  4:25  Drone  
  58  4:31  Spore Crawler x2  
  57  4:33  Spore Crawler, Drone x2  
  57  4:35  Drone x3  
  57  4:36  Drone  
  57  4:37  Queen, Drone x2  
  65  4:43  Drone  
  66  4:49  Overlord  
  66  4:51  Extractor  
  65  4:53  Extractor  
  64  5:01  Drone  
  64  5:04  Drone  
  64  5:05  Overlord  
  66  5:07  Overlord  
  66  5:09  Overlord  
  66  5:16  Drone x2  
  66  5:19  Overlord  
  68  5:23  Overlord  
  68  5:27  Drone x2, Overseer  
  79  5:28  Drone x9  
  79  5:29  Evolution Chamber  
  79  5:30  Evolution Chamber, Baneling x8  
  77  5:36  Drone x2  
  77  5:39  Drone  
  77  5:40  Drone  
  80  5:43  Drone  
  80  5:49  Drone x4  
  80  5:52  Drone x2  
  80  5:55  Extractor  
  81  5:57  Drone  
  81  5:58  Drone x5  
  81  6:00  Extractor x2  
  81  6:02  Zergling x2  
  86  6:06  Zergling x4  
  86  6:09  Zerg Melee Weapons Level 1  
  86  6:10  Zerg Missile Weapons Level 1  
  88  6:15  Zergling x6  
  88  6:16  Hydralisk Den  
  90  6:24  Overlord  
  90  6:27  Overlord  
  90  6:31  Overlord  
  90  6:32  Overlord, Centrifical Hooks  
  90  6:37  Overlord  
  90  6:42  Overseer  
  90  6:43  Hatchery  
  90  6:45  Muscular Augments  
  89  6:47  Hydralisk x5  
  99  6:57  Hydralisk x3  
  99  7:00  Overlord  
  105  7:03  Hydralisk x2  
  105  7:06  Overlord  
  105  7:07  Zergling x4  
  105  7:08  Zergling x12  
  117  7:21  Hydralisk x3  
  121  7:26  Hydralisk x3  
  127  7:30  Overlord  
  127  7:31  Zergling x6  
  127  7:35  Hydralisk x2  
  134  7:41  Hydralisk x2  
  134  7:42  Zergling x2  
  139  7:51  Overseer x2  
  139  7:52  Hydralisk  
  139  7:53  Zergling x4  
  139  7:55  Zergling x8  
  139  7:57  Baneling x5  
  145  8:05  Hydralisk x2  
  135  8:06  Zergling x14  
  135  8:09  Overlord  
  142  8:13  Hydralisk  
  142  8:15  Baneling x4  
  142  8:17  Zergling x4  
  144  8:22  Zergling x2  
  144  8:25  Hydralisk x3  
  144  8:26  Zergling x4  
  148  8:31  Hydralisk x2  
  148  8:32  Zergling x4  
  151  8:36  Hydralisk x2  
  144  8:41  Hydralisk  
  144  8:42  Zergling x8  
Tags
 
Add a new tag
Caveats
  • Supply blocks, unpowered buildings, or Contaminate may cause inaccurate times.
  • Supply counts are checked every 10 seconds.